 Dungeon Crawl Stone Soup version 0.29.1 (webtiles) character file.

Game seed: 13167764061041392773

1529 funnyparkerb the Carver (level 8, -4/62 HPs)
             Began as a Merfolk Monk on Sept 13, 2022.
             Was a Believer of Okawaru.
             Shot with a sling bullet by Joseph (20 damage)
             ... on level 7 of the Dungeon.
             The game lasted 00:11:28 (6884 turns).

funnyparkerb the Carver (Merfolk Monk)              Turns: 6884, Time: 00:11:28

Health: -4/62      AC:  9    Str: 11    XL:     8   Next: 85%
Magic:  10/10      EV: 17    Int: 10    God:    Okawaru [**....]
Gold:   273        SH:  0    Dex: 18    Spells: 7/7 levels left

rFire   . . .      SeeInvis .   k - +0 long sword
rCold   . . .      Faith    .   (no shield)
rNeg    + . .      Spirit   .   o - +0 ring mail {rN+}
rPois   .          Reflect  .   F - +0 helmet
rElec   .          Harm     .   m - +0 cloak
rCorr   .          Rampage  .   G - +0 pair of gloves
Will    .....                   (no boots)
Stlth   ..........              (no amulet)
HPRegen 0.20/turn               w - +4 ring of evasion
MPRegen 0.12/turn               (no ring)

@: confused, ambrosia-drunk
A: (nimble swimmer 2), mertail
a: Renounce Religion, Heroism


You were on level 7 of the Dungeon.
You worshipped Okawaru.
Okawaru was pleased with you.
You visited 2 branches of the dungeon, and saw 8 of its levels.
You also visited: Sewer.

You collected 273 gold pieces.

Inventory:

Hand Weapons
 k - a +0 long sword (weapon)
 x - the +8 mace "Naumm" {flame, Str+2}
   (You found it on level 4 of the Dungeon)

   It burns those it strikes, dealing additional fire damage.
   Str:       It affects your strength (+2).
Missiles
 e - 4 silver boomerangs (quivered)
 C - 6 boomerangs
Armour
 m - a +0 cloak (worn)
 o - a +0 ring mail of positive energy (worn)
 z - a +0 scale mail
 F - a +0 helmet (worn)
 G - a +0 pair of gloves (worn)
Jewellery
 w - a +4 ring of evasion (left hand)
Wands
 p - a wand of digging (1)
 A - a wand of flame (4)
Scrolls
 a - 2 scrolls of magic mapping {unknown}
 b - a scroll of vulnerability {unknown}
 d - 8 scrolls of identify {unknown}
 f - 2 scrolls of blinking {unknown}
 i - 2 scrolls of fear {unknown}
 n - 2 scrolls of teleportation {unknown}
 t - a scroll of enchant armour {unknown}
 y - 2 scrolls of immolation
 B - a scroll of noise {unknown}
 D - a scroll of summoning {unknown}
 E - a scroll of enchant weapon {unknown}
Potions
 g - a potion of mutation {unknown}
 h - a potion of magic {unknown}
 j - 4 potions of haste {unknown}
 l - 2 potions of berserk rage
 q - 2 potions of flight {unknown}
 r - 2 potions of curing
 s - a potion of brilliance
 u - a potion of lignification {unknown}
 v - 2 potions of resistance
 H - 2 potions of degeneration {unknown}
 I - a potion of attraction {unknown}


   Skills:
 - Level 5.0 Fighting
 + Level 9.5 Long Blades
 - Level 3.0 Throwing
 - Level 3.0 Armour
 - Level 6.0 Dodging
 - Level 2.1 Stealth
 - Level 3.0 Invocations


You had 7 spell levels left.
You didn't know any spells.
Your spell library contained the following spells:

 Spells                   Type           Power      Damage    Failure   Level
 Magic Dart               Conj           0%         1d3       65%         1
 Mephitic Cloud           Conj/Pois/Air  0%         N/A       95%         3
 Call Imp                 Summ           Unusable   N/A       N/A         2

Dungeon Overview and Level Annotations

Branches:
Dungeon (7/15)             Temple (1/1) D:6           Sewer (visited)

Altars:
Ashenzari
Dithmenos
Elyvilon
Fedhas
Gozag
Hepliaklqana
Kikubaaqudgha
Makhleb
Okawaru
Qazlal
Ru
Trog
Uskayaw
Wu Jian
Xom
Yredelemnul

Annotations:
D:7 Joseph


Innate Abilities, Weirdness & Mutations

((You are very nimble when in or above water. (Stealth+, EV+, Speed+++)))
Your lower body shifts to a powerful aquatic tail in water.


Message History

You throw a silver boomerang.
The silver boomerang barely misses Joseph.
Joseph shoots a sling bullet.
The sling bullet hits you. The sling bullet burns you.
Throw: 4 boomerangs (silver)
Press: ? - help, Q - select action, (/) - cycle Shift-Dir - straight line, f/p - Joseph
Aim: Joseph, wielding a +2 sling of flaming and wearing a +0 leather armour (lightly wounded, 64% to hit)
You throw a silver boomerang.
The silver boomerang barely misses Joseph.
Joseph shoots a sling bullet.
The sling bullet completely misses you.
Throw: 4 boomerangs (silver)
Press: ? - help, Q - select action, (/) - cycle Shift-Dir - straight line, f/p - Joseph
Aim: Joseph, wielding a +2 sling of flaming and wearing a +0 leather armour (lightly wounded, 64% to hit)
You throw a silver boomerang. The silver boomerang hits Joseph.
Joseph is lightly wounded.
Joseph shoots a sling bullet.
The sling bullet hits you! The sling bullet burns you.
Throw: 4 boomerangs (silver)
Press: ? - help, Q - select action, (/) - cycle Shift-Dir - straight line, f/p - Joseph
Aim: Joseph, wielding a +2 sling of flaming and wearing a +0 leather armour (lightly wounded, 64% to hit)
You throw a silver boomerang. The silver boomerang hits Joseph.
Joseph is moderately wounded.
Joseph shoots a sling bullet.
The sling bullet hits you!
* * * LOW HITPOINT WARNING * * *
The sling bullet burns you.
* * * LOW HITPOINT WARNING * * *
As you read the scroll labelled TOJODEOJISU, it crumbles to dust.
The air around you briefly surges with heat, but it dissipates.
It was a scroll of immolation.
Okay, then.
You are confused.
You feel invigorated.
Joseph shoots a sling bullet.
The sling bullet misses you.
Joseph shoots a sling bullet.
The sling bullet hits you.
* * * LOW HITPOINT WARNING * * *
The sling bullet burns you.
* * * LOW HITPOINT WARNING * * *
You bump into the rock wall.
Joseph shoots a sling bullet.
The sling bullet hits you!!
You die...

#.#.#..##.# #.# ..#.#..##.# #.#
# ###.#.)<#.# ###.##.# ####
#.........# #..... ....
#.#.#...).# #.###.#.####@.#
#.#.#..)..# #.......@..!..#
#.#.#..)..########.#.###...#
........................>......
#.#.##.....##...@..#.###.......
#.#.##.....##.######.# .......
#.#.##.......... ..# .......
........#####+#. ### .......
###.###.#........ .......
..#.....'.........
###.###(#.......... #
#.#.#.#....... ###.#.#.#.......


You could see Joseph.

Vanquished Creatures
  A water moccasin (Sewer)
  A sky beast (D:6)
  A black bear (D:4)
  2 ogres
  A kobold brigand (D:6)
  A bullfrog (D:6)
  A necrophage (D:6)
  A howler monkey (D:6)
  3 bullfrog zombies (D:5)
  6 hounds
  An orc priest (D:3)
  A gnoll bouda (D:6)
  A jelly (D:7)
  Jessica (D:3)
  2 orc wizards
  3 iguanas
  Natasha (thrice) (D:3)
  Terence (D:3)
  A killer bee zombie (D:5)
  A howler monkey zombie (D:5)
  3 gnolls
  5 adders
  2 white imps (D:6)
  2 ufetubi
  4 worms
  2 dart slugs
  8 orcs
  8 endoplasms
  5 giant cockroaches
  6 goblins
  6 hobgoblins
  4 jackals
  10 quokkas
  5 ball pythons
  3 bats
  3 frilled lizards
  13 kobolds
  2 rats
124 creatures vanquished.

Vanquished Creatures (others)
  2 plants (D:1)
2 creatures vanquished.

Grand Total: 126 creatures vanquished

Notes
Turn   | Place    | Note
-------+----------+-------------------------------------------
     0 | D:1      | funnyparkerb the Merfolk Monk began the quest for the Orb.
     0 | D:1      | Reached XP level 1. HP: 18/18 MP: 1/1
   167 | D:1      | Reached skill level 4 in Long Blades
   206 | D:1      | Reached XP level 2. HP: 17/24 MP: 2/2
   805 | D:1      | Reached XP level 3. HP: 29/29 MP: 3/3
   812 | D:1      | Reached skill level 5 in Long Blades
  1462 | D:2      | Reached XP level 4. HP: 33/35 MP: 4/4
  1506 | D:2      | Found a faded altar of an unknown god.
  2139 | D:3      | Reached skill level 6 in Long Blades
  2145 | D:3      | Noticed Natasha
  2152 | D:3      | Killed Natasha
  2156 | D:3      | Noticed Natasha
  2162 | D:3      | Killed Natasha
  2163 | D:3      | Reached XP level 5. HP: 36/41 MP: 5/5
  2174 | D:3      | Noticed Natasha
  2183 | D:3      | Noticed Jessica
  2188 | D:3      | Killed Natasha
  2189 | D:3      | Reached skill level 7 in Long Blades
  2196 | D:3      | Killed Jessica
  2696 | D:3      | Noticed Terence
  2707 | D:3      | Killed Terence
  2986 | D:4      | Identified the +8 mace "Naumm" {flame, Str+2}
  3052 | D:4      | Found a hide-covered altar of Uskayaw.
  3061 | D:4      | Noticed a black bear
  3067 | D:4      | Killed a black bear
  3068 | D:4      | Reached skill level 8 in Long Blades
  3068 | D:4      | Reached XP level 6. HP: 36/47 MP: 6/6
  3678 | D:3      | Reached skill level 1 in Armour
  4247 | D:5      | Entered Level 5 of the Dungeon
  4297 | D:5      | Noticed a water moccasin
  4429 | D:5      | Reached skill level 5 in Dodging
  4429 | D:5      | Reached XP level 7. HP: 54/54 MP: 7/7
  4464 | D:5      | Found a basalt altar of Yredelemnul.
  4671 | D:5      | Found a glowing drain.
  4705 | Sewer    | Entered a sewer
  4845 | Sewer    | Reached skill level 5 in Fighting
  4920 | D:5      | Reached XP level 8. HP: 33/62 MP: 8/8
  5346 | D:6      | Found a staircase to the Ecumenical Temple.
  5353 | Temple   | Entered the Ecumenical Temple
  5428 | Temple   | Became a worshipper of Warmaster Okawaru
  5428 | Temple   | Reached * piety under Okawaru
  5428 | Temple   | Reached ** piety under Okawaru
  5700 | D:6      | Reached skill level 1 in Invocations
  6129 | D:6      | Reached skill level 9 in Long Blades
  6867 | D:7      | Noticed Joseph
  6884 | D:7      | Shot with a sling bullet by Joseph

Illustrated notes

Levels and vault maps discovered:
D:1:      lightli_iron_boxes, layout_rooms, serial_bayou, serial_bayou_lagoon_a,
          serial_bayou_pond_c, serial_bayou_pond_d, serial_bayou_pond_a,
          serial_bayou_lake_a
D:2:      layout_basic, shapermc_ecumenical_altar_totnotflames,
          chequers_serial_rivers_room_b
D:3:      layout_loops_cross, grunt_decor_fettered, kennysheep_path_1,
          minmay_misc_feat_rows, nicolae_wormholes, uniq_natasha, uniq_terence,
          uniq_jessica
D:4:      layout_gridville, mainiacjoe_overflow_boulevard
D:5:      cheibrodos_quashed, layout_basic, nicolae_yredelemnul_corpse_copse,
          amethyst_overflow_temple_binary, gup_sewer_entry_pipe
D:6:      layout_gridville, temple_green
D:7:      layout_basic, eino_jars, uniq_pikel, uniq_joseph
Temple:   zaba_magenta_temple

Skill      XL: |  1  2  3  4  5  6  7  8 |
---------------+-------------------------+-----
Long Blades    | 4 5 6 8 9 |  9.5
Armour         | 1 2 3 |  3.0
Fighting       | 4 5 |  5.0
Dodging        | 5 6 |  6.0
Throwing       | 3 |  3.0
Invocations    | 3 |  3.0
Stealth        | |  2.1

Action                   |  1- 3 |  4- 6 |  7- 9 || total
-------------------------+-------+-------+-------++-------
Melee: Falchion          |    98 |     5 |       ||   103
       Punch             |     2 |     1 |     2 ||     5
       Long sword        |       |   143 |   226 ||   369
Throw: Boomerang         |       |     3 |     8 ||    11
  Use: Potion            |       |       |     4 ||     4
       Scroll            |       |       |     1 ||     1
 Stab: Sleeping          |     5 |     5 |     5 ||    15
       Distracted        |       |       |     1 ||     1
Armor: Robe              |     1 |       |       ||     1
       Ring mail         |    23 |    37 |    67 ||   127
Dodge: Dodged            |    58 |    82 |   277 ||   417
